 Dungeon Crawl Stone Soup version 0.19.1 (webtiles) character file.

191 Rrauwl the Cudgeler (level 5, -1/46 HPs)
             Began as a Draconian Fighter on Nov 30, 2016.
             Slain by an orc wizard
             ... wielding a +0 dire flail
              (10 damage)
             ... on level 3 of the Dungeon.
             The game lasted 00:11:44 (2766 turns).

Rrauwl the Cudgeler (Draconian Fighter)             Turns: 2766, Time: 00:11:44

Health: -1/46      AC:  8    Str: 20    XL:     5   Next: 42%
Magic:  5/5        EV: 10    Int:  8    God:
Gold:   122        SH:  9    Dex: 10    Spells: 0 memorised, 4 levels left

rFire  . . .     SeeInvis .     a - +1 flail
rCold  . . .     Gourm    .     (armour unavailable)
rNeg   + . .     Faith    .     b - +0 shield
rPois  .         Spirit   .     (helmet restricted)
rElec  .         Reflect  .     i - +0 cloak
rCorr  .         Harm     .     e - +1 pair of gloves
MR     .....                    (no boots)
Stlth  +.........               (no amulet)
                                (no ring)
                                c - ring of positive energy

@: no status effects
A: unfitting armour, cold-blooded, AC +5
a: no special abilities


You were on level 3 of the Dungeon.
You were not hungry.

You visited 1 branch of the dungeon, and saw 3 of its levels.

You collected 122 gold pieces.

Inventory:

Hand Weapons
 a - a +1 flail (weapon)
Armour
 b - a +0 shield (worn)
 e - a +1 pair of gloves (worn)
 i - a +0 cloak (worn)
Jewellery
 c - a ring of positive energy (left hand)
Wands
 f - a wand of polymorph (7/24)
Scrolls
 h - a scroll of magic mapping
 j - a scroll of enchant armour
 k - a scroll of immolation
 l - a scroll of remove curse
Comestibles
 d - 2 chunks of flesh
 g - a meat ration
 m - a bread ration


   Skills:
 - Level 4.1 Fighting
 + Level 4.2 Maces & Flails
 - Level 3.0 Dodging
 - Level 4.0 Shields


You had 4 spell levels left.
You didn't know any spells.

Dungeon Overview and Level Annotations

Branches:
Dungeon (3/15)

Altars:


Innate Abilities, Weirdness & Mutations

Your plain brown scales are hard. (AC +5)
You cannot fit into any form of body armour.
You are cold-blooded and may be slowed by cold attacks.


Message History

You thump Robin!
Robin is heavily wounded.
You block Robin's attack.
You hit Robin.
Robin is severely wounded.
Robin closely misses you.
You completely miss Robin.
Robin is severely wounded.
You block Robin's attack.
You sock Robin!
You kill Robin!
Items here: )) †† a dagger; a club; a goblin corpse x2
Things that are here:
a hand axe; a chain mail You closely miss something.
Something completely misses you.
You barely miss something. Something hits you.
* * * LOW HITPOINT WARNING * * *
You miss something. Something hits you!
You die...

##.##...............
##.####.#.####...... ...)g
##.# #.#.# #...### #o.#.#.
##.####.#.####...# ..o...
##.##...... ....... .....
##.##.#.#.# #...## ...#
##.##.#.#.# #...# ...#
##.##.#.#.####...####...#
##..............@)).)...#
......#.######..#####.#?....
........# #..#####.## ##.
#####.#.######..........
...............######.##
#######.######## .# #.# ..
#.# ## #.#


There were no monsters in sight!

Vanquished Creatures
  An orc wizard (D:3)
  Robin (D:3)
  5 gnolls
  3 adders (D:2)
  2 oozes (D:2)
  3 worms
  2 orcs (D:3)
  4 bats (D:2)
  A giant cockroach (D:1)
  12 goblins
  11 hobgoblins
  4 kobolds
  A quokka (D:2)
  5 frilled lizards
  9 rats
64 creatures vanquished.

Notes
Turn   | Place    | Note
-------+----------+-------------------------------------------
     0 | D:1      | Rrauwl the Draconian Fighter began the quest for the Orb.
     0 | D:1      | Reached XP level 1. HP: 19/19 MP: 1/1
   362 | D:1      | Reached XP level 2. HP: 12/26 MP: 2/2
   997 | D:2      | Reached XP level 3. HP: 33/33 MP: 3/3
  1897 | D:2      | Reached XP level 4. HP: 24/40 MP: 4/4
  2711 | D:3      | Noticed Robin
  2718 | D:3      | Reached XP level 5. HP: 35/46 MP: 5/5
  2760 | D:3      | Killed Robin
  2766 | D:3      | Slain by an orc wizard

Skill      XL: |  1  2  3  4  5 |
---------------+----------------+-----
Dodging        | 3 |  3.0
Fighting       | 4 |  4.1
Maces & Flails | 3 4 |  4.2
Shields        | 4 |  4.0

Action                   |  1- 3 |  4- 6 || total
-------------------------+-------+-------++-------
Melee: Flail             |   158 |    99 ||   257
       Tailslap          |    10 |     7 ||    17
       Unarmed           |    18 |       ||    18
  Use: Scroll            |    10 |     1 ||    11
       Potion            |     2 |     1 ||     3
  Eat: Chunk             |     3 |     1 ||     4
       Bread ration      |       |     1 ||     1
Armor: Skin              |    52 |    29 ||    81
Dodge: Dodged            |    59 |    42 ||   101
Block: Shield            |    71 |    52 ||   123
